 Dungeon Crawl Stone Soup version 0.30.0-15-g856e2d3f33 (webtiles) character file.

Game seed: 15466596158273636260

17 tussin the Ruffian (level 2, 23/34 HPs)
             Began as a Draconian Transmuter on May 18, 2023.
             Quit the game on level 2 of the Dungeon.
             The game lasted 00:06:17 (751 turns).

tussin the Ruffian (Draconian Transmuter)            Turns: 751, Time: 00:06:17

Health: 23/34      AC: 21    Str: 12    XL:     2   Next: 44%
Magic:  5/5        EV:  2    Int: 13    God:
Gold:   81         SH:  0    Dex: 11    Spells: 4/5 levels left

rFire   . . .        a - +8 triple crossbow "Conservator" {drain, +Blink rElec rPois}
rCold   . . .        (shield currently unavailable)
rNeg    . . .        (body armour unavailable)
rPois   +            (helmet currently unavailable)
rElec   +            (cloak currently unavailable)
rCorr   .            (gloves currently unavailable)
SInv    .            (boots currently unavailable)
Will    .....        (no amulet)
Stlth   +            (no ring)
HPRegen 0.25/turn    (no ring)
MPRegen 0.09/turn

%: no passive effects
@: tree-form (expiring), weak-willed, hasted, very quick
A: stationary, stasis, torment immunity, boosted hp, AC +4, unfitting armour,
(cold-blooded)
a: Evoke Blink


You were on level 2 of the Dungeon.
You were a tree.
You visited 1 branch of the dungeon, and saw 2 of its levels.

You collected 81 gold pieces.

Inventory:

Hand Weapons
 a - the +8 triple crossbow "Conservator" (weapon) {drain, +Blink rElec rPois}
   (You acquired it on level 2 of the Dungeon)

   rElec:     It insulates you from electricity.
   rPois:     It protects you from poison.
   +Blink:    It lets you blink.
 f - a +0 spear
Scrolls
 h - a scroll of teleportation


   Skills:
 + Level 1.1 Fighting
 + Level 1.7 Dodging
 + Level 3.5 Unarmed Combat
 + Level 2.2 Spellcasting
 + Level 2.2 Transmutations


You had 4 spell levels left.
You knew the following spells:

 Your Spells              Type           Power      Damage    Failure   Level
a - Beastly Appendage     Tmut           14%        N/A       10%         1

Your spell library contained the following spells:

 Spells                   Type           Power      Damage    Failure   Level
 Wereblood                Tmut           7%         N/A       16%         2
 Kiss of Death            Conj/Necr      4%         2d5       26%         1
 Spider Form              Tmut/Pois      4%         N/A       43%         3
 Confusing Touch          Hex            1%         N/A       58%         3
 Ice Form                 Ice/Tmut       4%         N/A       85%         4
 Dispel Undead            Necr           1%         3d6       94%         4


Dungeon Overview and Level Annotations

Branches:
Dungeon (2/15)

Altars:


Innate Abilities, Weirdness & Mutations

You are a tree.
Your roots penetrate the ground, keeping you stationary.
You cannot be teleported.
You are immune to unholy pain and torment.
Your maximum health is greatly increased.
Your equipment is partially melded.
((Your plain brown scales are hard. (AC +4)))
You cannot fit into any form of body armour.
((You are cold-blooded and may be slowed by cold attacks.))


Message History

You cannot move.
You cannot move.
You cannot move.
You cannot move.
You cannot move.
You cannot move.
You cannot move.
You cannot move.
You cannot move.
You cannot move.
You cannot move.
Okay, then.
Unknown command.
You cannot move.
Unknown command.
Unknown command.
Unknown command.
Unknown command.
You cannot move.
Unknown command.
You cannot move.
Unknown command.
Unknown command.
Unknown command.
Unknown command.
Okay, then.
Okay, then.
You aren't carrying any potions.
Okay, then.
You cannot move.
There are no items here.
You cannot move.
You cannot move.
You cannot move.
There are no items here.
There are no items here.
You cannot move.
Unknown command.
Unknown command.
Are you sure you want to abandon this character and quit the game? (Confirm with "yes".)

.####.#...#.#.#
...)......#.#.#
####.....#.#.#######
##########........#.......
#..........>......#..>....
..##.##.##..###...........
####.##.##..##....!.......
#.##.....#..$..........
#.#####......♣.#.......
#.. ....<...†.#....... ###
###.#.............
#.......#..<....
#.#..........###
#...##..####.# #..# #..# #
#.. ...#


There were no monsters in sight!

Vanquished Creatures
  2 ball pythons (D:1)
  3 bats (D:1)
  An endoplasm (D:1)
  A giant cockroach (D:1)
  3 goblins (D:1)
  A quokka (D:2)
  3 frilled lizards
  3 rats
17 creatures vanquished.

Notes
Turn   | Place    | Note
-------+----------+-------------------------------------------
     0 | D:1      | tussin the Draconian Transmuter began the quest for the
                  | Orb.
     0 | D:1      | Reached XP level 1. HP: 16/16 MP: 3/3
   294 | D:1      | Reached XP level 2. HP: 20/23 MP: 5/5
   744 | D:2      | Identified a scroll of acquirement
   744 | D:2      | Acquired the +8 triple crossbow "Conservator" {drain,
                  | +Blink rElec rPois}
   751 | D:2      | Quit the game

Illustrated notes

Levels and vault maps discovered:
D:1:      reono_arrival_mine, layout_basic, minivault_4,
          hangedman_abyss_or_decor_stabs, grunt_decor_fettered,
          minmay_heptomino_h4
D:2:      layout_loops_cross, minmay_diced_spiral, uniq_natasha, uniq_robin

Action                     || total
---------------------------++-------
  Melee: Unarmed           ||    37
         Tailslap          ||     7
         Spear             ||    26
    Use: Scroll            ||     4
         Potion            ||     4
 Armour: Skin              ||    46
  Dodge: Dodged            ||    70
